AoeStats
← lorry7138

Four Lakes

508849234Analyzed
1v1 RM · 6d ago on Sep 24, 2026· 52m 18s· 2 players
Game mode
Random Map
Map size
Tiny (2 player)
Population
200
Speed
Normal
Resources
Standard
Victory
Conquest
Starting age
Dark Age
Ending age
Imperial Age
RankedLock teamsTeams togetherTeam positionsShared explorationLock speedFull tech treeHidden civsTurbo modeCheats
Victory
Defeat
🇨🇳 Japanese · China
859
+14
🇪🇸 Franks · Spain
818
-14
Dentato
11:54 Feudal Age
16:00 Castle Age
14:22 Double-Bit Axe
15:38 Fishing Lines
17:26 Loom
18:22 Wheelbarrow
19:38 Gillnets
19:42 Town Watch
30:53 Imperial Age
31:20 Forging
31:10 Scale Mail Armor
32:30 Stone Mining
32:31 Gold Mining
34:31 Hand Cart
38:21 Conscription
38:06 Chivalry
37:27 Elite Throwing Axeman
39:31 Chemistry
38:12 Treadmill Crane
41:07 Iron Casting
40:48 Chain Mail Armor
40:39 Scale Barding Armor
41:16 Light Cavalry
43:58 Chain Barding Armor
44:09 Plate Mail Armor
44:39 Blast Furnace
43:30 Fletching
43:41 Padded Archer Armor
43:29 Cranequins
50:43 Plate Barding Armor
50:24 Leather Archer Armor
50:04 Bodkin Arrow
lorry7138
0:27 Loom
10:56 Feudal Age
11:29 Town Watch
12:28 Wheelbarrow
12:20 Double-Bit Axe
12:38 Fishing Lines
18:33 Castle Age
17:14 Stone Mining
17:14 Gold Mining
18:17 Forging
18:07 Scale Mail Armor
19:19 Gillnets
20:03 Bow Saw
21:21 Treadmill Crane
22:29 Gold Shaft Mining
21:48 Gillnets
21:57 Man-at-Arms
24:31 Clinker Construction
24:41 Fervor
27:10 Murder Holes
27:51 Hand Cart
30:56 Imperial Age
28:55 Horse Collar
29:46 Heavy Plow
30:56 Squires
30:41 Arson
30:42 Gambesons
32:00 Conscription
33:11 Carvel Hull
34:13 Pikeman
35:09 Halberdier
35:09 Long Swordsman
35:55 Long Swordsman
37:17 Iron Casting
36:57 Chain Mail Armor
36:48 Scale Barding Armor
36:33 Fletching
36:43 Padded Archer Armor
36:39 Two-Handed Swordsman
38:36 Champion
40:55 Blast Furnace
40:25 Plate Mail Armor
41:20 Bodkin Arrow
41:36 Elite Samurai
43:33 Plate Mail Armor
45:04 Bracer
45:19 Leather Archer Armor
45:50 Kataparuto
47:09 Hoardings
46:34 Yasama
48:20 Crossbowman
49:27 Parthian Tactics
Connection lost

Rejoining the realm…

Still unreachable

The connection could not be restored.

Session expired

The server has moved on; the page needs a fresh start.